AoeStats
← 公鸡神探

Arena

508201440Analyzed
4v4 RM · 11d ago on Sep 21, 2026· 45m 3s· 8 players
Game mode
Random Map
Map size
Large (8 player)
Population
200
Speed
Normal
Resources
Standard
Victory
Conquest
Starting age
Dark Age
Ending age
Imperial Age
RankedLock teamsTeams togetherTeam positionsShared explorationLock speedFull tech treeHidden civsTurbo modeCheats
Victory
Defeat
🇨🇳 Poles · China
1182
+14
🇨🇳 Vietnamese · China
1171
+15
1149
+16
🇨🇳 Ethiopians · China
1148
+16
🇨🇳 Saracens · China
1196
-18
🇭🇰 Mongols · Hong Kong SAR China
1193
-18
🇨🇳 Franks · China
1099
-13
🇨🇳 Berbers · China
1077
-12
无甲的joe
10:23 Feudal Age
14:09 Castle Age
12:29 Double-Bit Axe
13:31 Horse Collar
21:21 Fletching
23:22 Bodkin Arrow
24:23 Padded Archer Armor
25:38 Wheelbarrow
26:17 Heavy Plow
26:29 Bow Saw
32:42 Imperial Age
30:28 Hand Cart
31:53 Town Watch
33:12 Stone Mining
33:14 Gold Mining
34:15 Ballistics
34:56 Chemistry
33:18 Elite Rattan Archer
35:08 Stone Shaft Mining
36:06 Bracer
36:22 Leather Archer Armor
37:22 Town Patrol
37:07 Loom
37:30 Squires
37:15 Arson
37:35 Scale Mail Armor
37:46 Forging
38:49 Two-Man Saw
37:42 Elite Fire Lancer
39:22 Chain Mail Armor
40:07 Iron Casting
41:20 Siege Engineers
45:46 Plate Mail Armor
HUOHUO
10:46 Feudal Age
14:49 Castle Age
13:12 Double-Bit Axe
13:49 Horse Collar
14:42 Gold Mining
16:24 Bow Saw
21:47 Scale Mail Armor
24:01 Chain Mail Armor
27:05 Wheelbarrow
26:17 Loom
28:02 Gold Shaft Mining
31:33 Imperial Age
29:45 Stone Mining
34:34 Hand Cart
36:58 Plate Mail Armor
36:26 Halberdier
37:45 Forging
38:54 Squires
40:41 Iron Casting
41:44 Capped Ram
44:54 Blast Furnace
43:50 Siege Ram
公鸡神探
11:38 Feudal Age
12:51 Double-Bit Axe
12:51 Horse Collar
15:51 Castle Age
14:15 Horse Collar
16:38 Heavy Plow
17:42 Bow Saw
22:32 Szlachta Privileges
23:46 Scale Barding Armor
23:52 Forging
23:53 Gold Mining
24:54 Chain Barding Armor
25:22 Bloodlines
25:25 Husbandry
27:38 Iron Casting
29:42 Wheelbarrow
28:52 Town Watch
28:53 Loom
34:06 Imperial Age
32:23 Hand Cart
32:09 Town Patrol
33:09 Fletching
33:31 Light Cavalry
34:09 Cavalier
34:23 Winged Hussar
35:27 Lechitic Legacy
35:28 Conscription
37:13 Blast Furnace
35:47 Capped Ram
36:40 Siege Ram
38:53 Chemistry
40:49 Scale Mail Armor
44:43 Chain Mail Armor
翻斗花园突破手绫小路
11:23 Feudal Age
15:21 Castle Age
13:14 Double-Bit Axe
13:11 Horse Collar
19:54 Wheelbarrow
22:41 Gold Mining
22:41 Stone Mining
23:09 Bow Saw
23:19 Heavy Plow
28:55 Imperial Age
26:31 Padded Archer Armor
26:22 Fletching
27:23 Thumb Ring
27:43 Ballistics
27:15 Pikeman
28:21 Scale Mail Armor
28:17 Bodkin Arrow
28:37 Leather Archer Armor
29:24 Chain Mail Armor
30:33 Parthian Tactics
30:30 Conscription
31:21 Recurve Bow
32:24 Gold Shaft Mining
31:43 Loom
32:13 Hand Cart
31:43 Town Watch
31:41 Heavy Cavalry Archer
34:55 Chemistry
34:46 Crop Rotation
35:28 Two-Man Saw
34:00 Halberdier
41:50 Town Patrol
42:22 Ring Archer Armor
41:53 Bracer
ocheda
10:04 Feudal Age
14:15 Castle Age
12:49 Double-Bit Axe
12:51 Horse Collar
15:56 Loom
17:01 Bow Saw
22:26 Gold Mining
25:01 Wheelbarrow
27:43 Imperial Age
25:17 Town Watch
26:51 Hand Cart
HENGLENGS
10:49 Feudal Age
10:50 Loom
14:49 Castle Age
13:03 Double-Bit Axe
15:19 Wheelbarrow
15:33 Forging
16:39 Bow Saw
24:53 Scale Barding Armor
28:52 Imperial Age
27:06 Hand Cart
26:36 Town Watch
29:38 Husbandry
28:59 Light Cavalry
29:13 Cavalier
31:28 Iron Casting
31:13 Chain Barding Armor
31:39 Chain Barding Armor
relax
10:05 Feudal Age
14:56 Castle Age
13:55 Double-Bit Axe
14:05 Loom
17:46 Wheelbarrow
18:44 Bow Saw
19:17 Horse Collar
22:28 Gold Mining
23:05 Heavy Plow
24:07 Gold Shaft Mining
25:39 Hand Cart
26:10 Bloodlines
26:01 Husbandry
27:10 Scale Barding Armor
27:18 Light Cavalry
27:49 Town Watch
28:15 Stone Mining
29:47 Forging
30:36 Chain Barding Armor
33:19 Imperial Age
32:04 Iron Casting
33:23 Heavy Camel Rider
33:27 Hussar
35:01 Plate Barding Armor
35:55 Blast Furnace
35:44 Fletching
41:37 Two-Man Saw
dylsxx1718
10:57 Feudal Age
15:16 Castle Age
13:05 Loom
13:30 Double-Bit Axe
16:24 Bow Saw
17:18 Fletching
19:32 Horse Collar
21:01 Town Watch
23:05 Wheelbarrow
30:15 Imperial Age
28:51 Heavy Plow
28:44 Gold Mining
31:00 Bodkin Arrow
33:16 Bracer
33:37 Padded Archer Armor
38:21 Chemistry
38:30 Leather Archer Armor
38:58 Gold Shaft Mining
38:14 Stone Mining
40:34 Elite Camel Archer
41:33 Hand Cart
42:10 Maghrebi Camels
43:43 Ring Archer Armor
43:35 Ballistics
42:57 Treadmill Crane
44:04 Stone Shaft Mining
45:41 Hoardings
45:26 Conscription
Connection lost

Rejoining the realm…

Still unreachable

The connection could not be restored.

Session expired

The server has moved on; the page needs a fresh start.